| TOP OF THE 1ST |
|
Scranton WB RailRiders batting - Pitching for Columbus Clippers : RHP Roberto Reyes
|
|
Pitching: RHP Roberto Reyes
|
|
|
Batting: RHB Devon Utley
|
0-0: Ball 1-0: Ground out 6-3 (Groundball, 6, EV 80.0 MPH)
|
|
Batting: SHB Jay Gagnon
|
0-0: Ball 1-0: Ball 2-0: SINGLE (Line Drive, 7LS, EV 105.6 MPH)
|
|
Batting: SHB Victor Ruiz
|
0-0: Called Strike Jay Gagnon steals 2nd base (no throw) 0-1: Ball 1-1: Ball 2-1: Foul Ball, location: 2F 2-2: Ball 3-2: Foul Ball, location: 2F 3-2: SINGLE (Groundball, 4MD, EV 105.6 MPH) Jay Gagnon to third Runner from 3rd tries for Home, SAFE, throw by CF to home
|
|
Batting: SHB Ryan Buchbinder
|
0-0: Swinging Strike 0-1: Foul Ball, location: 2F 0-2: Ball 1-2: Foul Ball, location: 2F 1-2: Foul Ball, location: 2F 1-2: Ball 2-2: Strikes out swinging
|
|
Batting: RHB Eric Davis
|
0-0: Called Strike 0-1: Ground out 1-3 (Groundball, 34S, EV 71.2 MPH)
|
| Top of the 1st over - 1 run, 2 hits, 0 errors, 1 left on base; Scranton WB 1 - Columbus 0 |
| BOTTOM OF THE 1ST |
|
Columbus Clippers batting - Pitching for Scranton WB RailRiders : RHP Soh Kawashima
|
|
Pitching: RHP Soh Kawashima
|
|
|
Batting: RHB Jason Sher
|
0-0: Called Strike 0-1: SINGLE (Groundball, 4M, EV 88.1 MPH) (infield hit)
|
|
Batting: LHB Jesus Lozano
|
Pickoff Throw to First - Out! 1-3 0-0: Called Strike 0-1: Ball 1-1: Swinging Strike 1-2: Foul Ball, location: 2F 1-2: Strikes out swinging
|
|
Batting: SHB Valentin Laporte
|
0-0: Called Strike 0-1: Ball 1-1: Swinging Strike 1-2: Ball 2-2: Ground out 3-1 (Groundball, 34, EV 106.2 MPH)
|
| Bottom of the 1st over - 0 runs, 1 hit, 0 errors, 0 left on base; Scranton WB 1 - Columbus 0 |
| TOP OF THE 2ND |
|
Scranton WB RailRiders batting - Pitching for Columbus Clippers : RHP Roberto Reyes
|
|
Batting: RHB Andy Wasierski
|
0-0: Swinging Strike 0-1: Ball 1-1: Ball 2-1: Swinging Strike 2-2: Fly out, F9 (Line Drive, 9, EV 97.5 MPH)
|
|
Batting: SHB Joe Fure
|
0-0: Fly out, F4 (Popup, 4D, EV 56.9 MPH)
|
|
Batting: RHB Mike Gifford
|
0-0: Foul Ball, location: 2F 0-1: Ball 1-1: Ball 2-1: Fly out, F9 (Flyball, 9D, EV 95.6 MPH)
|
| Top of the 2nd over - 0 runs, 0 hits, 0 errors, 0 left on base; Scranton WB 1 - Columbus 0 |
| BOTTOM OF THE 2ND |
|
Columbus Clippers batting - Pitching for Scranton WB RailRiders : RHP Soh Kawashima
|
|
Batting: LHB Zion Davidson
|
0-0: Ball 1-0: Ball 2-0: Swinging Strike 2-1: Fly out, F9 (Line Drive, 89M, EV 98.1 MPH)
|
|
Batting: RHB Mike Quackenbush
|
0-0: Ball 1-0: Ground out 6-3 (Groundball, 6, EV 99.4 MPH)
|
|
Batting: RHB Chad Thompson
|
0-0: Called Strike 0-1: Ball 1-1: SINGLE (Groundball, 6M, EV 110.0 MPH)
|
|
Batting: RHB Kyle Scruggs
|
0-0: Called Strike 0-1: Ball Chad Thompson steals 2nd base 1-1: Swinging Strike 1-2: Ball 2-2: Ball 3-2: Ground out 3-1 (Groundball, 34S, EV 87.5 MPH)
|
| Bottom of the 2nd over - 0 runs, 1 hit, 0 errors, 1 left on base; Scranton WB 1 - Columbus 0 |
| TOP OF THE 3RD |
|
Scranton WB RailRiders batting - Pitching for Columbus Clippers : RHP Roberto Reyes
|
|
Batting: RHB Mike Plugge
|
0-0: DOUBLE (Groundball, 5L, EV 100.6 MPH)
|
|
Batting: RHB Devon Utley
|
0-0: Ground out 4-3 (Groundball, 4S, EV 70.6 MPH) Mike Plugge to third
|
|
Batting: SHB Jay Gagnon
|
0-0: Ground out 4-3 (Groundball, 34D, EV 101.2 MPH) Mike Plugge scores
|
|
Batting: SHB Victor Ruiz
|
0-0: Ground out U3 (Groundball, 3L, EV 80.0 MPH)
|
| Top of the 3rd over - 1 run, 1 hit, 0 errors, 0 left on base; Scranton WB 2 - Columbus 0 |
| BOTTOM OF THE 3RD |
|
Columbus Clippers batting - Pitching for Scranton WB RailRiders : RHP Soh Kawashima
|
|
Batting: RHB Justin Ganey
|
0-0: Called Strike 0-1: Called Strike 0-2: Ball 1-2: Ball 2-2: Ball 3-2: Strikes out swinging
|
|
Batting: RHB George Wagner
|
0-0: Called Strike 0-1: Swinging Strike 0-2: Strikes out swinging, 2-3 out at first.
|
|
Batting: RHB Jason Sher
|
0-0: Ball 1-0: Ball 2-0: Foul Ball, location: 2F 2-1: Ball 3-1: Base on Balls
|
|
Batting: LHB Jesus Lozano
|
0-0: Called Strike Jason Sher steals 2nd base 0-1: Ball 1-1: Called Strike 1-2: Strikes out swinging
|
| Bottom of the 3rd over - 0 runs, 0 hits, 0 errors, 1 left on base; Scranton WB 2 - Columbus 0 |
| TOP OF THE 4TH |
|
Scranton WB RailRiders batting - Pitching for Columbus Clippers : RHP Roberto Reyes
|
|
Batting: SHB Ryan Buchbinder
|
0-0: Swinging Strike 0-1: Called Strike 0-2: Ball 1-2: Fly out, F8 (Flyball, 8RD, EV 77.5 MPH)
|
|
Batting: RHB Eric Davis
|
0-0: Called Strike 0-1: Swinging Strike 0-2: Ground out 4-3 (Groundball, 4, EV 100.6 MPH)
|
|
Batting: RHB Andy Wasierski
|
0-0: Ground out 5-3 (Groundball, 56S, EV 77.5 MPH)
|
| Top of the 4th over - 0 runs, 0 hits, 0 errors, 0 left on base; Scranton WB 2 - Columbus 0 |
| BOTTOM OF THE 4TH |
|
Columbus Clippers batting - Pitching for Scranton WB RailRiders : RHP Soh Kawashima
|
|
Batting: SHB Valentin Laporte
|
0-0: Ball 1-0: Ball 2-0: Called Strike 2-1: Fly out, F2 (Popup, 2L, EV 91.2 MPH)
|
|
Batting: LHB Zion Davidson
|
0-0: Fly out, F9 (Flyball, 9D, EV 105.6 MPH)
|
|
Batting: RHB Mike Quackenbush
|
0-0: Called Strike 0-1: Swinging Strike 0-2: Ball 1-2: Ball 2-2: Ground out 3-1 (Groundball, 34, EV 85.0 MPH)
|
| Bottom of the 4th over - 0 runs, 0 hits, 0 errors, 0 left on base; Scranton WB 2 - Columbus 0 |
| TOP OF THE 5TH |
|
Scranton WB RailRiders batting - Pitching for Columbus Clippers : RHP Roberto Reyes
|
|
Batting: SHB Joe Fure
|
0-0: Called Strike 0-1: Called Strike 0-2: Ball 1-2: Foul Ball, location: 2F 1-2: Ball 2-2: Strikes out swinging
|
|
Batting: RHB Mike Gifford
|
0-0: Called Strike 0-1: SINGLE (Groundball, 25, EV 68.8 MPH) (infield hit)
|
|
Batting: RHB Mike Plugge
|
0-0: Ball 1-0: Ball Mike Gifford steals 2nd base 2-0: Ground out 4-3 (Groundball, 4, EV 93.8 MPH) Mike Gifford to third
|
|
Batting: RHB Devon Utley
|
0-0: Ground out 6-3 (Groundball, 56, EV 83.1 MPH)
|
| Top of the 5th over - 0 runs, 1 hit, 0 errors, 1 left on base; Scranton WB 2 - Columbus 0 |
| BOTTOM OF THE 5TH |
|
Columbus Clippers batting - Pitching for Scranton WB RailRiders : RHP Soh Kawashima
|
|
Batting: RHB Chad Thompson
|
0-0: Called Strike 0-1: Ball 1-1: Swinging Strike 1-2: Ground out U3 (Groundball, 34S, EV 91.9 MPH)
|
|
Batting: RHB Kyle Scruggs
|
0-0: Ground out 5-3 (Groundball, 56S, EV 81.2 MPH)
|
|
Batting: RHB Justin Ganey
|
0-0: Ball 1-0: Ground out 4-3 (Groundball, 4, EV 75.6 MPH)
|
| Bottom of the 5th over - 0 runs, 0 hits, 0 errors, 0 left on base; Scranton WB 2 - Columbus 0 |
| TOP OF THE 6TH |
|
Scranton WB RailRiders batting - Pitching for Columbus Clippers : RHP Roberto Reyes
|
|
Batting: SHB Jay Gagnon
|
0-0: Ball 1-0: Foul Ball, location: 2F 1-1: Foul Ball, location: 2F 1-2: Ball 2-2: Foul Ball, location: 2F 2-2: Foul Ball, location: 2F 2-2: Strikes out swinging, 2-3 out at first.
|
|
Batting: SHB Victor Ruiz
|
0-0: Ball 1-0: Ground out 5-3 (Groundball, 56, EV 84.4 MPH)
|
|
Batting: SHB Ryan Buchbinder
|
0-0: Ball 1-0: Foul Ball, location: 2F 1-1: Swinging Strike 1-2: Ball 2-2: Ball 3-2: Base on Balls
|
|
Batting: RHB Eric Davis
|
0-0: Ball 1-0: Ball 2-0: Ground out 5-3 (Groundball, 56S, EV 66.9 MPH)
|
| Top of the 6th over - 0 runs, 0 hits, 0 errors, 1 left on base; Scranton WB 2 - Columbus 0 |
| BOTTOM OF THE 6TH |
|
Columbus Clippers batting - Pitching for Scranton WB RailRiders : RHP Soh Kawashima
|
|
Batting: RHB George Wagner
|
0-0: Called Strike 0-1: SINGLE (Groundball, 34, EV 110.6 MPH) (infield hit)
|
|
Batting: RHB Jason Sher
|
0-0: Called Strike 0-1: Ball 1-1: Swinging Strike 1-2: SINGLE (Groundball, 6D, EV 94.4 MPH) George Wagner to second
|
|
Batting: LHB Jesus Lozano
|
0-0: Called Strike 0-1: Called Strike 0-2: SINGLE (Line Drive, 78S, EV 93.8 MPH) George Wagner to third Jason Sher to second Runner from 3rd tries for Home, throw by LF and OUT! 7-2 Jason Sher to third Jesus Lozano to second
|
|
Batting: SHB Valentin Laporte
|
0-0: Swinging Strike 0-1: Fly out, F8 (Flyball, 8LD, EV 89.4 MPH) Runner from 3rd tags up, OUT at HOME! 8-2
|
| Bottom of the 6th over - 0 runs, 3 hits, 0 errors, 1 left on base; Scranton WB 2 - Columbus 0 |
| TOP OF THE 7TH |
|
Scranton WB RailRiders batting - Pitching for Columbus Clippers : RHP Roberto Reyes
|
|
Batting: RHB Andy Wasierski
|
0-0: Ball 1-0: Ball 2-0: Ball 3-0: Called Strike 3-1: Fly out, F8 (Flyball, 8RS, EV 85.6 MPH)
|
|
Batting: SHB Joe Fure
|
0-0: Called Strike 0-1: Ball 1-1: Ball 2-1: Ball 3-1: Foul Ball, location: 2F 3-2: Base on Balls
|
|
Batting: RHB Mike Gifford
|
0-0: Ball 1-0: Foul Ball, location: 2F 1-1: Ball 2-1: Ball 3-1: Grounds into double play, 6-4-3 (Groundball, 6, EV 78.1 MPH)
|
| Top of the 7th over - 0 runs, 0 hits, 0 errors, 0 left on base; Scranton WB 2 - Columbus 0 |
| BOTTOM OF THE 7TH |
|
Columbus Clippers batting - Pitching for Scranton WB RailRiders : RHP Soh Kawashima
|
|
Batting: LHB Zion Davidson
|
0-0: Ball 1-0: Called Strike 1-1: Ball 2-1: Ball 3-1: Called Strike 3-2: Strikes out swinging
|
|
Batting: RHB Mike Quackenbush
|
0-0: Ball 1-0: Foul Ball, location: 2F 1-1: Ground out 4-3 (Groundball, 4, EV 80.0 MPH)
|
|
Batting: RHB Chad Thompson
|
0-0: Foul Ball, location: 2F 0-1: Swinging Strike 0-2: SINGLE (Flyball, 4D, EV 93.1 MPH)
|
|
Batting: RHB Kyle Scruggs
|
0-0: Called Strike Chad Thompson steals 2nd base 0-1: Swinging Strike 0-2: Ground out 6-3 (Groundball, 56, EV 84.4 MPH)
|
| Bottom of the 7th over - 0 runs, 1 hit, 0 errors, 1 left on base; Scranton WB 2 - Columbus 0 |
| TOP OF THE 8TH |
|
Scranton WB RailRiders batting - Pitching for Columbus Clippers : RHP Roberto Reyes
|
|
Batting: RHB Mike Plugge
|
0-0: Ball 1-0: Swinging Strike 1-1: Foul Ball, location: 2F 1-2: Strikes out swinging
|
|
Batting: RHB Devon Utley
|
0-0: Ball 1-0: Ball 2-0: Foul Ball, location: 2F 2-1: Hit by Pitch
|
|
Batting: SHB Jay Gagnon
|
0-0: Foul Ball, location: 2F 0-1: Called Strike Devon Utley steals 2nd base 0-2: Foul Ball, location: 2F 0-2: Ball Wild Pitch! Devon Utley to third 1-2: Ball 2-2: Foul Ball, location: 2F 2-2: SINGLE (Groundball, 25, EV 67.5 MPH) (infield hit)
|
|
Pitching: LHP Heath Ryland
|
|
|
Batting: SHB Victor Ruiz
|
0-0: Ball 1-0: Ball 2-0: Ball 3-0: Base on Balls Jay Gagnon to second
|
|
Batting: SHB Ryan Buchbinder
|
0-0: Ball 1-0: Foul Ball, location: 2F 1-1: Called Strike 1-2: Foul Ball, location: 2F 1-2: DOUBLE (Line Drive, 5D, EV 95.0 MPH) Devon Utley scores Jay Gagnon scores Victor Ruiz to third
|
|
Batting: RHB Eric Davis
|
0-0: Ball 1-0: Ball 2-0: Called Strike 2-1: Foul Ball, location: 2F 2-2: SINGLE (Line Drive, 6MD, EV 93.8 MPH) Victor Ruiz scores Ryan Buchbinder to third
|
|
Batting: RHB Andy Wasierski
|
0-0: Ball 1-0: Foul Ball, location: 2F 1-1: Ball 2-1: Ball 3-1: Swinging Strike 3-2: Strikes out swinging
|
|
Batting: SHB Joe Fure
|
0-0: Called Strike 0-1: Fielders Choice at 2nd, 5-4 (Groundball, 5L, EV 88.1 MPH)
|
| Top of the 8th over - 3 runs, 3 hits, 0 errors, 2 left on base; Scranton WB 5 - Columbus 0 |
| BOTTOM OF THE 8TH |
|
Columbus Clippers batting - Pitching for Scranton WB RailRiders : RHP Soh Kawashima
|
|
Batting: RHB Justin Ganey
|
0-0: Ball 1-0: Foul Ball, location: 2F 1-1: Ball 2-1: Called Strike 2-2: Foul Ball, location: 2F 2-2: Ground out 4-3 (Groundball, 4, EV 85.6 MPH)
|
|
Batting: RHB George Wagner
|
0-0: Ball 1-0: Ball 2-0: Ball 3-0: Base on Balls
|
|
Pitching: RHP Whitney Batten
|
|
|
Batting: RHB Jason Sher
|
0-0: Called Strike 0-1: Ball 1-1: Called Strike 1-2: Strikes out swinging
|
|
Batting: LHB Jesus Lozano
|
0-0: Called Strike 0-1: Foul Ball, location: 2F 0-2: Ball 1-2: Ground out 4-3 (Groundball, 4S, EV 76.9 MPH)
|
| Bottom of the 8th over - 0 runs, 0 hits, 0 errors, 1 left on base; Scranton WB 5 - Columbus 0 |
| TOP OF THE 9TH |
|
Scranton WB RailRiders batting - Pitching for Columbus Clippers : LHP Heath Ryland
|
|
Batting: RHB Mike Gifford
|
0-0: Ball 1-0: Called Strike 1-1: Ball 2-1: Ground out U3 (Groundball, 23, EV 83.1 MPH)
|
|
Batting: RHB Mike Plugge
|
0-0: Ball 1-0: Called Strike 1-1: Ball 2-1: Ball 3-1: Base on Balls
|
|
Batting: RHB Devon Utley
|
0-0: Ball 1-0: Ball 2-0: Foul Ball, location: 2F 2-1: Ball 3-1: Called Strike 3-2: Strikes out looking
|
|
Pitching: LHP Rene Eenkhoorn
|
|
|
Batting: SHB Jay Gagnon
|
0-0: Ball 1-0: Ball 2-0: Ball 3-0: Base on Balls Mike Plugge to second
|
|
Batting: SHB Victor Ruiz
|
0-0: Called Strike 0-1: Ball 1-1: Ball 2-1: SINGLE (Line Drive, 7LS, EV 104.4 MPH) Mike Plugge to third Jay Gagnon to second
|
|
Batting: SHB Ryan Buchbinder
|
0-0: Ball 1-0: Called Strike 1-1: Foul Ball, location: 2F 1-2: Ball 2-2: Ball 3-2: Base on Balls Mike Plugge scores Jay Gagnon to third Victor Ruiz to second
|
|
Batting: RHB Eric Davis
|
0-0: Ball 1-0: Ball 2-0: Ball 3-0: Base on Balls Jay Gagnon scores Victor Ruiz to third Ryan Buchbinder to second
|
|
Pinch Hitting: RHB Jerry Castro
|
0-0: Called Strike 0-1: Ball 1-1: Reached via error on a dropped throw from 2B, E3 (Groundball, 4, EV 90.6 MPH) Victor Ruiz scores Ryan Buchbinder to third Eric Davis to second
|
|
Batting: SHB Joe Fure
|
0-0: Foul Ball, location: 2F 0-1: Ball 1-1: Ball 2-1: Swinging Strike 2-2: Strikes out swinging
|
| Top of the 9th over - 3 runs, 1 hit, 1 error, 3 left on base; Scranton WB 8 - Columbus 0 |
| BOTTOM OF THE 9TH |
|
Columbus Clippers batting - Pitching for Scranton WB RailRiders : RHP Whitney Batten
|
|
Now at 1B: Jerry Castro
|
|
|
Now at 2B: Ryan Buchbinder
|
|
|
Batting: SHB Valentin Laporte
|
0-0: Ball 1-0: Foul Ball, location: 2F 1-1: Ground out 4-3 (Groundball, 4, EV 101.9 MPH)
|
|
Batting: LHB Zion Davidson
|
0-0: Called Strike 0-1: Ball 1-1: Ball 2-1: Fly out, F7 (Line Drive, 7S, EV 104.4 MPH)
|
|
Batting: RHB Mike Quackenbush
|
0-0: Ball 1-0: SINGLE (Line Drive, 6M, EV 105.0 MPH)
|
|
Batting: RHB Chad Thompson
|
0-0: Foul Ball, location: 2F 0-1: Foul Ball, location: 2F 0-2: Strikes out swinging
|
| Bottom of the 9th over - 0 runs, 1 hit, 0 errors, 1 left on base; Scranton WB 8 - Columbus 0 |
|